BSA
SAN FRANCISCO BANDITS @ EL DORADO OILERS
08/29/2027
 
TOP OF THE 1ST
San Francisco Bandits batting - Pitching for Birmingham Steeldogs : RHP Barton Johnson
Pitching: RHP Barton Johnson
Batting: RHB Javier Ramírez 0-0: Hit by Pitch
Batting: RHB Scott Merritt 0-0: Ball
1-0: Called Strike
1-1: Ball
2-1: Ball
3-1: Fly out, F5 (Popup, 5S)
Batting: LHB Jerry Bryan 0-0: Swinging Strike
0-1: Ball
1-1: DOUBLE (Line Drive, 8LXD)
Javier Ramírez to third
Batting: RHB Cory Foster 0-0: Called Strike
0-1: Swinging Strike
0-2: 3-RUN HOME RUN (Flyball, 7D), Distance : 389 ft
Batting: LHB Jack Hewat 0-0: Swinging Strike
0-1: Called Strike
0-2: Strikes out swinging
Batting: RHB Naomichi Aoki 0-0: Called Strike
0-1: Called Strike
0-2: Ball
1-2: Ball
2-2: Foul Ball, location: 2F
2-2: Strikes out swinging
Top of the 1st over - 3 run(s), 2 hit(s), 0 error(s), 0 left on base; San Francisco 3 - Birmingham 0
BOTTOM OF THE 1ST
Birmingham Steeldogs batting - Pitching for San Francisco Bandits : LHP Pancho Guerrero
Pitching: LHP Pancho Guerrero
Batting: RHB Nick Webb 0-0: Ball
1-0: Fly out, F9 (Flyball, 89S)
Batting: RHB José Carlos Caraballo 0-0: Ground out 5-3 (Groundball, 56)
Batting: RHB Valentín Borges 0-0: Ball
1-0: Ground out 6-3 (Groundball, 6)
Bottom of the 1st over - 0 run(s), 0 hit(s), 0 error(s), 0 left on base; San Francisco 3 - Birmingham 0
TOP OF THE 2ND
San Francisco Bandits batting - Pitching for Birmingham Steeldogs : RHP Barton Johnson
Batting: LHB Francisco Calderón 0-0: Ball
1-0: Ball
2-0: Called Strike
2-1: Bunt for hit - play at first, batter OUT! 1-3
Batting: RHB José Sánchez 0-0: Ball
1-0: Ball
2-0: Foul Ball, location: 2F
2-1: Swinging Strike
2-2: Ball
3-2: Foul Ball, location: 2F
3-2: Foul Ball, location: 2F
3-2: Strikes out swinging
Batting: RHB Miguel Mendoza 0-0: Ball
1-0: Reached on error, E1 (Groundball, 15)
Batting: RHB Javier Ramírez 0-0: Called Strike
0-1: Called Strike
0-2: Ball
1-2: Foul Ball, location: 2F
1-2: Ball
2-2: Ball
3-2: Fly out, F8 (Flyball, 8LXD)
Top of the 2nd over - 0 run(s), 0 hit(s), 1 error(s), 1 left on base; San Francisco 3 - Birmingham 0
BOTTOM OF THE 2ND
Birmingham Steeldogs batting - Pitching for San Francisco Bandits : LHP Pancho Guerrero
Batting: LHB José Hernández 0-0: Ball
1-0: Ball
2-0: Ball
3-0: Called Strike
3-1: Base on Balls
Batting: RHB Sixto Vélez 0-0: Foul Ball, location: 2F
0-1: Swinging Strike
0-2: Ball
1-2: Ball
2-2: Ball
3-2: Foul Ball, location: 2F
3-2: Base on Balls
José Hernández to second
Batting: LHB José Martínez 0-0: Ball
1-0: Ball
2-0: Called Strike
2-1: SINGLE (Line Drive, 56)
José Hernández to third
Sixto Vélez to second
Batting: RHB Yujiro Kurihara 0-0: Ball
1-0: Foul Ball, location: 2F
1-1: Foul Ball, location: 2F
1-2: Strikes out looking
Batting: RHB Carlos García 0-0: Foul Ball, location: 2F
0-1: Ball
1-1: SINGLE (Line Drive, 3D)
José Hernández scores
Sixto Vélez to third
José Martínez to second
Batting: RHB Eric Johnson 0-0: Ball
1-0: Ball
2-0: DOUBLE (Flyball, 89D)
Sixto Vélez scores
José Martínez scores
Carlos García to third
Batting: RHB Nick Webb 0-0: Ball
1-0: Fly out, F4 (Line Drive, 4)
Batting: RHB José Carlos Caraballo 0-0: SINGLE (Groundball, 3D)
Carlos García scores
Eric Johnson to third
Runner from 3rd tries for Home, SAFE, no throw
Batting: RHB Valentín Borges 0-0: Ball
1-0: Ball
2-0: Ball
3-0: Base on Balls
José Carlos Caraballo to second
Batting: LHB José Hernández 0-0: Swinging Strike
0-1: Swinging Strike
0-2: Ball
1-2: Ground out U3 (Groundball, 34)
Bottom of the 2nd over - 5 run(s), 4 hit(s), 0 error(s), 2 left on base; San Francisco 3 - Birmingham 5
TOP OF THE 3RD
San Francisco Bandits batting - Pitching for Birmingham Steeldogs : RHP Barton Johnson
Batting: RHB Scott Merritt 0-0: Ball
1-0: Foul Ball, location: 2F
1-1: Ground out 4-3 (Groundball, 4)
Batting: LHB Jerry Bryan 0-0: Foul Ball, location: 2F
0-1: Fly out, F8 (Flyball, 8RD)
Batting: RHB Cory Foster 0-0: Called Strike
0-1: Ball
1-1: Called Strike
1-2: Strikes out swinging
Top of the 3rd over - 0 run(s), 0 hit(s), 0 error(s), 0 left on base; San Francisco 3 - Birmingham 5
BOTTOM OF THE 3RD
Birmingham Steeldogs batting - Pitching for San Francisco Bandits : LHP Pancho Guerrero
Batting: RHB Sixto Vélez 0-0: Called Strike
0-1: Ground out 1-3 (Groundball, P)
Batting: LHB José Martínez 0-0: Ground out 6-3 (Groundball, 6)
Batting: RHB Yujiro Kurihara 0-0: Called Strike
0-1: Fly out, F8 (Line Drive, 8LD)
Bottom of the 3rd over - 0 run(s), 0 hit(s), 0 error(s), 0 left on base; San Francisco 3 - Birmingham 5
TOP OF THE 4TH
San Francisco Bandits batting - Pitching for Birmingham Steeldogs : RHP Barton Johnson
Batting: LHB Jack Hewat 0-0: Reached on error, E3 (Groundball, 34)
Batting: RHB Naomichi Aoki 0-0: Foul Ball, location: 2F
0-1: Foul Ball, location: 2F
0-2: Ball
1-2: Foul Ball, location: 2F
1-2: Ball
2-2: Fly out, F9 (Flyball, 9D)
Batting: LHB Francisco Calderón 0-0: Foul Ball, location: 2F
0-1: Ball
1-1: Called Strike
1-2: Ball
2-2: Ball
3-2: Foul Ball, location: 2F
3-2: Strikes out looking
Batting: RHB José Sánchez 0-0: Foul Ball, location: 2F
0-1: Foul Ball, location: 2F
0-2: Strikes out swinging
Top of the 4th over - 0 run(s), 0 hit(s), 1 error(s), 1 left on base; San Francisco 3 - Birmingham 5
BOTTOM OF THE 4TH
Birmingham Steeldogs batting - Pitching for San Francisco Bandits : LHP Pancho Guerrero
Batting: RHB Carlos García 0-0: Ball
1-0: Ball
2-0: Called Strike
2-1: Called Strike
2-2: Ball
3-2: Foul Ball, location: 2F
3-2: SINGLE (Groundball, 34D)
Batting: RHB Eric Johnson 0-0: Ball
1-0: Ball
2-0: Swinging Strike
2-1: Fly out, F8 (Flyball, 8RM)
Batting: RHB Nick Webb 0-0: Ball
1-0: Grounds into double play, 4-6-3 (Groundball, 4)
Bottom of the 4th over - 0 run(s), 1 hit(s), 0 error(s), 0 left on base; San Francisco 3 - Birmingham 5
TOP OF THE 5TH
San Francisco Bandits batting - Pitching for Birmingham Steeldogs : RHP Barton Johnson
Batting: RHB Miguel Mendoza 0-0: Ball
1-0: Ball
2-0: Called Strike
2-1: Ball
3-1: Fly out, F8 (Flyball, 8LM)
Batting: RHB Javier Ramírez 0-0: Ground out 5-3 (Groundball, 5S)
Batting: RHB Scott Merritt 0-0: Ball
1-0: Foul Ball, location: 2F
1-1: Ball
2-1: Ground out 5-3 (Groundball, 56S)
Top of the 5th over - 0 run(s), 0 hit(s), 0 error(s), 0 left on base; San Francisco 3 - Birmingham 5
BOTTOM OF THE 5TH
Birmingham Steeldogs batting - Pitching for San Francisco Bandits : LHP Pancho Guerrero
Batting: RHB José Carlos Caraballo 0-0: Called Strike
0-1: SINGLE (Groundball, 25) (infield hit)
Batting: RHB Valentín Borges 0-0: Swinging Strike
0-1: Fly out, F8 (Flyball, 8RS)
Batting: LHB José Hernández 0-0: Called Strike
0-1: Ball
1-1: Foul Ball, location: 2F
1-2: Foul Ball, location: 2F
1-2: Foul Ball, location: 2F
1-2: SINGLE (Flyball, 89S)
José Carlos Caraballo to second
Batting: RHB Sixto Vélez 0-0: Ball
1-0: Ball
2-0: Foul Ball, location: 2F
2-1: Called Strike
2-2: Strikes out swinging
Batting: LHB José Martínez 0-0: Hit by Pitch
José Carlos Caraballo to third
José Hernández to second
Batting: RHB Yujiro Kurihara 0-0: DOUBLE (Line Drive, 9LM)
José Carlos Caraballo scores
José Hernández scores
José Martínez to third
Pitching: RHP Bob Cunningham
Batting: RHB Carlos García 0-0: Ball
1-0: Foul Ball, location: 2F
1-1: Ball
2-1: Foul Ball, location: 2F
2-2: Foul Ball, location: 2F
2-2: Foul Ball, location: 2F
2-2: Foul Ball, location: 2F
2-2: Ground out 1-3 (Groundball, 15S)
Bottom of the 5th over - 2 run(s), 3 hit(s), 0 error(s), 2 left on base; San Francisco 3 - Birmingham 7
TOP OF THE 6TH
San Francisco Bandits batting - Pitching for Birmingham Steeldogs : RHP Barton Johnson
Batting: LHB Jerry Bryan 0-0: Ball
1-0: Foul Ball, location: 2F
1-1: Foul Ball, location: 2F
1-2: Ball
2-2: Strikes out swinging
Batting: RHB Cory Foster 0-0: Swinging Strike
0-1: Called Strike
0-2: Ball
1-2: Ball
2-2: Strikes out swinging
Batting: LHB Jack Hewat 0-0: Foul Ball, location: 2F
0-1: Ball
1-1: Foul Ball, location: 2F
1-2: Foul Ball, location: 2F
1-2: Foul Ball, location: 2F
1-2: Ball
2-2: Foul Ball, location: 2F
2-2: Foul Ball, location: 2F
2-2: Foul Ball, location: 2F
2-2: Foul Ball, location: 2F
2-2: Ball
3-2: Foul Ball, location: 2F
3-2: Base on Balls
Batting: RHB Naomichi Aoki 0-0: Fly out, F8 (Flyball, 8LD)
Top of the 6th over - 0 run(s), 0 hit(s), 0 error(s), 1 left on base; San Francisco 3 - Birmingham 7
BOTTOM OF THE 6TH
Birmingham Steeldogs batting - Pitching for San Francisco Bandits : RHP Bob Cunningham
Batting: RHB Eric Johnson 0-0: Foul Ball, location: 2F
0-1: Foul Ball, location: 2F
0-2: Foul Ball, location: 2F
0-2: Ball
1-2: Fly out, F8 (Line Drive, 8LM)
Batting: RHB Nick Webb 0-0: Ball
1-0: Called Strike
1-1: Swinging Strike
1-2: Foul Ball, location: 2F
1-2: Foul Ball, location: 2F
1-2: Ground out 5-3 (Groundball, 56)
Batting: RHB José Carlos Caraballo 0-0: Ball
1-0: Called Strike
1-1: Fly out, F2 (Popup, 2R)
Bottom of the 6th over - 0 run(s), 0 hit(s), 0 error(s), 0 left on base; San Francisco 3 - Birmingham 7
TOP OF THE 7TH
San Francisco Bandits batting - Pitching for Birmingham Steeldogs : RHP Barton Johnson
Pitching: RHP Rick Grant
Batting: LHB Francisco Calderón 0-0: Called Strike
0-1: Ball
1-1: Ball
2-1: Ball
3-1: Called Strike
3-2: Foul Ball, location: 2F
3-2: SINGLE (Flyball, 8RS)
Batting: RHB José Sánchez 0-0: Grounds into double play, 5-4-3 (Groundball, 56)
Batting: RHB Miguel Mendoza 0-0: Called Strike
0-1: Foul Ball, location: 2F
0-2: Ground out 6-3 (Groundball, 56)
Top of the 7th over - 0 run(s), 1 hit(s), 0 error(s), 0 left on base; San Francisco 3 - Birmingham 7
BOTTOM OF THE 7TH
Birmingham Steeldogs batting - Pitching for San Francisco Bandits : RHP Bob Cunningham
Batting: RHB Valentín Borges 0-0: Called Strike
0-1: Foul Ball, location: 2F
0-2: DOUBLE (Line Drive, 9D)
Batting: LHB José Hernández 0-0: Intentional Walk
Batting: RHB Sixto Vélez 0-0: Called Strike
0-1: Swinging Strike
0-2: Ball
1-2: Grounds into double play, 5-4-3 (Groundball, 56)
Valentín Borges to third
Batting: LHB José Martínez 0-0: Called Strike
0-1: Foul Ball, location: 2F
0-2: Strikes out swinging
Bottom of the 7th over - 0 run(s), 1 hit(s), 0 error(s), 1 left on base; San Francisco 3 - Birmingham 7
TOP OF THE 8TH
San Francisco Bandits batting - Pitching for Birmingham Steeldogs : RHP Rick Grant
Batting: RHB Javier Ramírez 0-0: Called Strike
0-1: SINGLE (Flyball, 8LS)
Batting: RHB Scott Merritt 0-0: Ball
1-0: DOUBLE (Groundball, 5L)
Javier Ramírez to third
Runner from 3rd tries for Home, SAFE, no throw
Pitching: RHP Ken Lyons
Batting: LHB Jerry Bryan 0-0: SINGLE (Groundball, 56D)
Scott Merritt to third
Batting: RHB Cory Foster 0-0: Fly out, F9 (Line Drive, 9S)
Runner from 3rd tags up, SCORES, no throw
Batting: LHB Jack Hewat 0-0: Foul Ball, location: 2F
0-1: SINGLE (Groundball, 34D)
Jerry Bryan to second
Batting: RHB Naomichi Aoki 0-0: Ball
1-0: Called Strike
1-1: Called Strike
1-2: Ball
2-2: Foul Ball, location: 2F
2-2: Grounds into double play, U5-3 (Groundball, 5L)
Top of the 8th over - 2 run(s), 4 hit(s), 0 error(s), 1 left on base; San Francisco 5 - Birmingham 7
BOTTOM OF THE 8TH
Birmingham Steeldogs batting - Pitching for San Francisco Bandits : RHP Bob Cunningham
Batting: RHB Yujiro Kurihara 0-0: Called Strike
0-1: Foul Ball, location: 2F
0-2: Ball
1-2: Ball
2-2: Foul Ball, location: 2F
2-2: SINGLE (Line Drive, 9S)
Batting: RHB Carlos García 0-0: Ball
1-0: Fly out, F3 (Popup, 3L)
Batting: RHB Eric Johnson 0-0: Ball
1-0: Grounds into double play, 6-4-3 (Groundball, 6)
Bottom of the 8th over - 0 run(s), 1 hit(s), 0 error(s), 0 left on base; San Francisco 5 - Birmingham 7
TOP OF THE 9TH
San Francisco Bandits batting - Pitching for Birmingham Steeldogs : RHP Ken Lyons
Pitching: RHP Stanley Briggs
Batting: LHB Francisco Calderón 0-0: Called Strike
0-1: Fly out, F7 (Flyball, 7D)
Batting: RHB José Sánchez 0-0: Foul Ball, location: 2F
0-1: Ball
1-1: Foul Ball, location: 2F
1-2: Ball
2-2: Strikes out looking
Batting: RHB Miguel Mendoza 0-0: Ball
1-0: Foul Ball, location: 2F
1-1: Fly out, F8 (Flyball, 8LM)
Top of the 9th over - 0 run(s), 0 hit(s), 0 error(s), 0 left on base; San Francisco 5 - Birmingham 7
Thursday, March 30th, 2017 - OOTP Baseball 17.12 Build 75